AoeStats
← summerdream

Arabia

511042015Analyzed
1v1 RM · 4h ago on Oct 3, 2026· 26m 23s· 2 players
Game mode
Random Map
Map size
Tiny (2 player)
Population
200
Speed
Normal
Resources
Standard
Victory
Conquest
Starting age
Dark Age
Ending age
Imperial Age
RankedLock teamsTeams togetherTeam positionsShared explorationLock speedFull tech treeHidden civsTurbo modeCheats
Victory
Defeat
🇦🇷 Mongols · Argentina
923
+17
🇨🇳 Turks · China
949
-50
MrPej
8:12 Loom
12:02 Feudal Age
12:10 Man-at-Arms
13:05 Man-at-Arms
13:50 Double-Bit Axe
21:16 Forging
24:48 Castle Age
summerdream
1:37 Loom
Connection lost

Rejoining the realm…

Still unreachable

The connection could not be restored.

Session expired

The server has moved on; the page needs a fresh start.